 Dungeon Crawl Stone Soup version 0.27-a0-242-ge0fc76b88b (webtiles) character file.

Game seed: 4875919035349027455

228 Borgoz the Slasher (level 6, 0/51 HPs)
             Began as a Ghoul Gladiator on Feb 3, 2021.
             Slain by an iguana (12 damage)
             ... on level 3 of the Dungeon.
             The game lasted 00:03:06 (2687 turns).

Borgoz the Slasher (Ghoul Gladiator)                Turns: 2687, Time: 00:03:07

Health: 0/51       AC:  4    Str: 15 (18) XL:     6   Next: 2%
Magic:  5/5        EV: 12    Int:  1 (3)  God:
Gold:   99         SH:  0    Dex: 11 (12) Spells: 5/5 levels left

rFire    . . .     SeeInvis .   a - +0 long sword
rCold    + . .     Faith    .   (no shield)
rNeg     + + +     Spirit   .   b - +0 leather armour
rPois    ∞         Reflect  .   c - +0 helmet
rElec    .         Harm     .   (no cloak)
rCorr    .         Rampage  .   (no gloves)
Will     .....                  (no boots)
Stlth    +.........             (no amulet)
HPRegen  0.00/turn              l - ring of positive energy
MPRegen  0.09/turn              (no ring)

@: brilliant, hasted, very quick
A: claws 1, cold resistance 1, negative energy resistance 3, inhibited
regeneration, torment resistance, unbreathing
a: no special abilities


You were on level 3 of the Dungeon.
You visited 1 branch of the dungeon, and saw 4 of its levels.

You collected 99 gold pieces.

Inventory:

Hand Weapons
 a - a +0 long sword (weapon)
Missiles
 d - 3 throwing nets (quivered)
Armour
 b - a +0 leather armour (worn)
 c - a +0 helmet (worn)
Jewellery
 l - a ring of positive energy (left claw)
Scrolls
 f - 4 scrolls of identify {unknown}
 h - a scroll of magic mapping {unknown}
 j - a scroll of teleportation {unknown}


   Skills:
 + Level 3.3 Fighting
 * Level 4.1 Long Blades
 - Level 1.7 Throwing
 * Level 2.7 Armour
 + Level 3.3 Dodging


You had 5 spell levels left.
You didn't know any spells.
Your spell library contained the following spells:

 Spells                   Type           Power        Failure   Level
 Confusing Touch          Hex            0%           95%         3
 Gell's Gravitas          Tloc           0%           95%         3
 Petrify                  Tmut/Erth      0%           100%        4
 Metabolic Englaciation   Hex/Ice        0%           100%        5
 Yara's Violent Unravell  Hex/Tmut       0%           100%        5
 Beastly Appendage        Tmut           Unusable     N/A         1
 Wereblood                Tmut           Unusable     N/A         2
 Spider Form              Tmut/Pois      Unusable     N/A         3
 Ice Form                 Ice/Tmut       Unusable     N/A         4
 Blade Hands              Tmut           Unusable     N/A         5

Dungeon Overview and Level Annotations

Branches:
Dungeon (4/15)
 Temple: D:4-7

Altars:
Trog


Innate Abilities, Weirdness & Mutations

You thrive by killing the living.
You are immune to poison.
You have sharp fingernails.
Your flesh is cold resistant. (rC+)
You are immune to negative energy. (rN+++)
You do not regenerate when monsters are visible.
You are immune to unholy pain and torment.
You can survive without breathing.


Message History

* * * LOW HITPOINT WARNING * * *
It was a potion of brilliance.
You feel clever all of a sudden. The adder barely misses you.
The iguana barely misses you.
You riposte.
You hit the iguana but do no damage.
It was a potion of degeneration.
There was something very wrong with that liquid.
You feel weakened.
You feel dopey.
You feel clumsy. The adder closely misses you. The iguana bites you.
* * * LOW HITPOINT WARNING * * *
The adder barely misses you.
It was a potion of haste.
You feel yourself speed up. The adder closely misses you.
The iguana misses you.
It was a potion of berserk rage.
You cannot raise a blood rage in your lifeless body.
The adder closely misses you.
You hit the adder.
You kill the adder!
You feel better. The iguana bites you!
You die...

.# .# #.# .# .#.# .#
# #.#.# .#.## #.#.#
.#.. #.#.##..##.#
#!#.#..l>...#
#.....@# .#####†.#
........#
#######'#### #.[...#
#.....# ..#########
#.....#
..........####.....#
###†............#


You could see an iguana.

Vanquished Creatures
  A scorpion (D:4)
  A worker ant (D:4)
  2 gnolls (D:1)
  8 adders
  An ooze (D:3)
  A dart slug (D:1)
  2 leopard geckos
  3 orcs (D:3)
  5 giant cockroaches
  4 goblins
  5 hobgoblins
  8 jackals
  2 quokkas (D:2)
  7 bats
  4 frilled lizards
  5 kobolds
  6 rats
65 creatures vanquished.

Notes
Turn   | Place    | Note
-------+----------+-------------------------------------------
     0 | D:1      | Borgoz the Ghoul Gladiator began the quest for the Orb.
     0 | D:1      | Reached XP level 1. HP: 17/17 MP: 0/0
   167 | D:1      | Reached XP level 2. HP: 24/24 MP: 1/1
   294 | D:1      | Reached skill level 3 in Long Blades
   411 | D:1      | Reached skill level 1 in Armour
   421 | D:1      | Reached XP level 3. HP: 16/30 MP: 2/2
   963 | D:2      | Reached XP level 4. HP: 32/37 MP: 3/3
  1278 | D:2      | Found a bloodstained altar of Trog.
  1708 | D:2      | You fall into a shaft and drop 2 floors!
  1722 | D:4      | Reached XP level 5. HP: 41/45 MP: 4/4
  1810 | D:3      | Reached skill level 4 in Long Blades
  2578 | D:3      | Reached XP level 6. HP: 51/51 MP: 5/5
  2687 | D:3      | Slain by an iguana

Illustrated notes

Levels and vault maps discovered:
D:1:      ncdulo_lavacross, layout_basic
D:2:      layout_basic, trog_three_pillars_becter
D:3:      layout_basic
D:4:      layout_basic, uniq_grinder

Skill      XL: |  1  2  3  4  5 |
---------------+----------------+-----
Long Blades    | 3 4 |  4.1
Armour         | 1 2 |  2.7
Dodging        | 3 |  3.3
Fighting       | 3 |  3.3
Throwing       | |  1.7

Action                   |  1- 3 |  4- 6 || total
-------------------------+-------+-------++-------
Melee: Long sword        |    59 |   146 ||   205
  Use: Potion            |       |     4 ||     4
Armor: Leather armour    |    19 |    40 ||    59
Dodge: Dodged            |    43 |   120 ||   163
       Rpst.: Long sword |    15 |    30 ||    45

Table legend: (Time is in decaauts)
 A = Elapsed time spent in this place.
 B = Non-inter-level travel time spent in this place.
 C = Inter-level travel time spent in this place.
 D = Time resting spent in this place.
 E = Time spent auto-exploring this place.
 F = Levels seen in this place.
 G = Mean time per level.
                   A        B        C        D        E       F      G
               +--------+--------+--------+--------+--------+-----+--------+
         Total |   2731 |   2585 |    146 |    522 |   1624 |   4 |  682.8 |
       Dungeon |   2731 |   2585 |    146 |    522 |   1624 |   4 |  682.8 |
               +--------+--------+--------+--------+--------+-----+--------+

Top non-repeatable levels by time:
     D:2: 1398 daAuts
     D:1: 967 daAuts
     D:3: 288 daAuts
     D:4: 77 daAuts
